 Dungeon Crawl Stone Soup version 0.20-a0-269-g17f5411 (webtiles) character file.

122796 novi the Peltast (level 16, -11/220 HPs)
             Began as a Minotaur Berserker on Dec 7, 2016.
             Was the Champion of Trog.
             Hit by a large rock thrown by a stone giant (12 damage)
             ... on level 1 of the Depths on Dec 8, 2016.
             The game lasted 02:52:26 (30665 turns).

novi the Peltast (Minotaur Berserker)              Turns: 30665, Time: 02:52:27

Health: -11/220    AC: 30    Str: 28    XL:     16   Next: 35%
Magic:  0/15       EV: 14    Int:  4    God:    Trog [******]
Gold:   1276       SH: 18    Dex: 16    Spells: 15/15 levels left

rFire  . . .     SeeInvis .     p - +3 war axe (freeze)
rCold  . . .     Gourm    .     w - +1 crystal plate armour
rNeg   . . .     Faith    .     E - +0 shield
rPois  +         Spirit   +     a - +1 hat {Spirit}
rElec  .         Reflect  +     F - +0 cloak
rCorr  .         Harm     .     f - +0 pair of gloves
MR     ++...                    I - +0 pair of boots
Stlth  ..........               H - +2 amulet of reflection
                                D - ring of poison resistance
                                t - ring of protection from magic

@: berserking (expiring), very quick
A: retaliatory headbutt, horns 2
a: Berserk, Trog's Hand, Brothers in Arms, Burn Spellbooks, Renounce Religion


You were on level 1 of the Depths.
You worshipped Trog.
Trog was exalted by your worship.
You were very hungry.

You visited 5 branches of the dungeon, and saw 24 of its levels.
You also visited: Labyrinth, Sewer and Bailey.

You collected 1606 gold pieces.
You spent 330 gold pieces at shops.

Inventory:

Hand Weapons
 k - a +4 war axe of flaming
 p - a +3 war axe of freezing (weapon)
 O - a +4 antimagic broad axe
Armour
 a - a +1 hat of spirit shield (worn)
 f - a +0 pair of gloves (worn)
 w - a +1 crystal plate armour (worn)
 E - a +0 shield (worn)
 F - a +0 cloak (worn)
 I - a +0 pair of boots (worn)
Jewellery
 e - a +2 ring of strength
 h - a cursed -3 ring of slaying {unknown}
 t - a ring of protection from magic (left hand)
 D - a ring of poison resistance (right hand)
 H - a +2 amulet of reflection (around neck)
 K - a +4 ring of dexterity
 N - an uncursed ring of flight
 P - a cursed amulet of inaccuracy {unknown}
 R - an uncursed ring of fire
 S - an uncursed ring of protection from fire
 V - an uncursed ring of ice
 Z - an uncursed ring of positive energy
Wands
 G - a wand of acid (5/15)
 L - a wand of acid (6/15)
Scrolls
 g - 7 scrolls of teleportation
 j - 8 scrolls of recharging
 l - 7 scrolls of remove curse
 y - 11 scrolls of magic mapping
 z - 5 scrolls of blinking
 A - 3 scrolls of fog
 C - 2 scrolls of fear
Potions
 b - a potion of ambrosia {unknown}
 d - 3 potions of agility
 i - a potion of berserk rage
 m - 5 potions of cancellation
 n - 10 potions of curing
 o - 2 potions of flight {unknown}
 q - 4 potions of lignification
 v - 6 potions of haste
 x - 6 potions of heal wounds
 B - 5 potions of might
 J - a potion of brilliance
 M - 2 potions of resistance
 W - a potion of cure mutation {unknown}
Books
 u - a book of Fire

   Spells                             Type                      Level
   a - Ignite Poison                  Fire/Transmutation/Poison    3
   b - Fireball                       Conjuration/Fire             5
   c - Bolt of Fire                   Conjuration/Fire             6
   d - Delayed Fireball               Conjuration/Fire             7
   e - Ring of Flames                 Charms/Fire                  7
   Trog disapproves of the use of such an item.
Comestibles
 c - 6 bread rations
 r - 5 beef jerkies
 s - 9 meat rations
 Q - 6 chunks of flesh
 U - 4 slices of pizza
 X - a royal jelly


   Skills:
 + Level 14.9 Fighting
 - Level 16.5 Axes
 + Level 14.5 Armour
 + Level 13.6 Dodging
 * Level 17.3 Shields


You had 15 spell levels left.
You didn't know any spells.

Dungeon Overview and Level Annotations

Branches:
Dungeon (15/15)            Temple (1/1) D:4            Lair (6/6) D:11
 Shoals (0/4) Lair:2        Snake (1/4) Lair:2          Orc (0/2) D:11
 Vaults (0/5) D:14         Depths (1/5) D:15
  Slime: Lair:5-6

Altars:
Ashenzari
Cheibriados
Dithmenos
Elyvilon
Fedhas
Gozag
Hepliaklqana
Kikubaaqudgha
Makhleb
Nemelex Xobeh
Okawaru
Ru
Sif Muna
Trog
Uskayaw
Vehumet
Xom
Yredelemnul
Zin
The Shining One

Shops:
D:8 =   D:15 (

Annotations:
Lair:6 exclusion: oklob plant


Innate Abilities, Weirdness & Mutations

You reflexively headbutt those who attack you in melee.
You have a pair of horns on your head.


Message History

You closely miss the ice dragon. You headbutt the ice dragon!
The ice dragon is heavily wounded.
You miss something. You block the ice dragon's attack.
The ice dragon claws you but does no damage.
You block the ice dragon's attack.
The stone giant throws a large rock.
You reflect the large rock off an invisible shield around you!
The large rock hits the stone giant!
The tengu warrior hits your stone giant with an enchanted dire flail.
The tengu warrior barely misses your stone giant.
The tengu warrior claws your stone giant but does no damage.
Something barely misses you. Something hits your stone giant!
Something bites you but does no damage.
A frost giant comes into view. It is wielding a battleaxe of freezing.
Your stone giant completely misses the tengu warrior.
The ice dragon breathes frost at you. The blast of cold hits you!
* * * LOW HITPOINT WARNING * * *
The blast of cold hits the ice dragon.
The ice dragon resists.
The stone giant throws a large rock.
The large rock hits you!
You die...

..T# ...#
#..# # #..#
(#. ##.T#
#.C.##TT.##
#DD.....#
#.C..@).#
#...{ED.#
#...CC.##
#..Q[)(#
#.#...##
........
#..§.....
#....≈≈G≈
....≈≈≈≈.


You could see a frost giant, 3 ice dragons, 2 stone giants, a tengu warrior, 2
deep trolls, a deep troll earth mage, a deep troll shaman, a water elemental, a
golden eye and a friendly stone giant (berserk).

Vanquished Creatures
  Nikola (Snake:1)
  Rupert (Lair:4)
  Frances (D:13)
  Gastronok (D:12)
  A sphinx (Depths:1)
  A minotaur (Lab)
  Snorg (D:12)
  A fire dragon (Lair:6)
  A great orb of eyes (Depths:1)
  A naga warrior (Snake:1)
  Erolcha (D:9)
  10 hydras
  A vault guard (D:14)
  Erica (D:10)
  A merfolk avatar (Lair:6)
  3 centaur warriors
  An ogre mage (D:15)
  Urug (D:11)
  Nergalle (Lair:4)
  Sonja (D:15)
  2 unseen horrors
  A sea snake (Lair:6)
  4 deep elf magi
  7 hill giants
  A wizard (D:14)
  A harpy (Lair:6)
  3 necromancers
  3 manticores
  An orc sorcerer (D:15)
  14 ugly things
  A salamander (Snake:1)
  3 cyclopes
  Psyche (D:12)
  15 elephants
  5 black mambas
  16 spiny frogs
  A torpor snail (Lair:1)
  A redback zombie (D:12)
  An efreet (D:13)
  11 komodo dragons
  22 rime drakes
  A minotaur zombie (Lab)
  3 trolls
  3 polar bears
  4 two-headed ogres
  A jumping spider (shapeshifter) (D:14)
  3 meliai (D:15)
  12 dream sheep
  3 hornets
  A wind drake (Lair:6)
  16 blink frogs
  8 hippogriffs
  7 slime creatures
  A shadow (D:15)
  A spriggan (D:7)
  2 wraiths
  A vampire (D:15)
  5 hogs (D:12)
  19 humans
  4 wyverns
  85 yaks
  9 hungry ghosts
  9 steam dragons
  2 basilisks
  11 vampire mosquitoes
  4 swamp worms (Lair:1)
  A soldier ant (D:10)
  11 nagas
  An acid dragon (D:13)
  17 water moccasins
  6 porcupines
  2 ice beasts
  5 sky beasts
  18 orc warriors
  4 necrophages (Lair:4)
  A phantom (D:13)
  10 ogres
  11 wolves
  14 centaurs
  3 big kobolds
  14 crocodiles
  25 bullfrogs
  A gnoll sergeant (D:6)
  A wyvern zombie (D:8)
  6 scorpions
  2 water moccasin skeletons
  12 wights
  7 killer bees
  4 electric eels (D:11)
  The ghost of yrara the Skirmisher, a weakling GrFi (D:3)
  6 howler monkeys
  4 crimson imps
  A quasit (D:10)
  6 centaur zombies
  Crazy Yiuf (D:4)
  5 bullfrog zombies
  6 hounds
  6 jellies
  A bullfrog skeleton (D:5)
  10 centaur skeletons
  9 orc priests
  6 iguanas
  Ijyb (D:2)
  19 orc wizards
  Natasha (thrice) (D:3 D:6)
  9 worker ants
  A killer bee zombie (D:8)
  2 hound zombies (D:10)
  3 hound skeletons
  A howler monkey zombie (D:11)
  Robin (D:3)
  11 gnolls
  2 howler monkey skeletons (D:10)
  13 adders
  9 river rats (Sewer)
  2 shadow imps
  An ooze (D:6)
  2 adder skeletons
  An adder zombie (D:6)
  16 worms
  A dart slug (D:4)
  7 leopard geckos
  56 orcs
  16 ball pythons
  9 giant cockroaches
  14 goblins
  10 hobgoblins
  4 jackals (D:9)
  8 quokkas
  7 bats
  5 frilled lizards
  28 kobolds
  A quokka skeleton (D:6)
  30 rats
  3 fungi
  4 plants
898 creatures vanquished.

Vanquished Creatures (collateral kills)
  Kirke (D:12)
  A fire giant (Depths:1)
  Harold (D:12)
  An ice dragon (Depths:1)
  A centaur warrior (Depths:1)
  A tengu warrior (Depths:1)
  A hill giant (D:10)
  A salamander (Snake:1)
  A black mamba (Snake:1)
  A yaktaur (Depths:1)
  A two-headed ogre (D:11)
  A hog (D:12)
  A sky beast (D:11)
  4 centaurs
  A scorpion (D:12)
  A crimson imp (D:10)
  A hound (D:10)
  An orc (D:11)
21 creatures vanquished.

Vanquished Creatures (others)
  A cyclops (D:15)
  A troll (D:13)
  A naga (Snake:1)
  2 bushes
  21 fungi
  15 plants
41 creatures vanquished.

Grand Total: 960 creatures vanquished

Notes
Turn   | Place    | Note
-------+----------+-------------------------------------------
     0 | D:1      | novi the Minotaur Berserker began the quest for the Orb.
     0 | D:1      | Reached XP level 1. HP: 19/19 MP: 0/0
   223 | D:1      | Reached XP level 2. HP: 27/27 MP: 1/1
   735 | D:2      | Reached XP level 3. HP: 31/33 MP: 2/2
   891 | D:2      | Found a shattered altar of Ashenzari.
  1062 | D:2      | Noticed Ijyb
  1071 | D:2      | Killed Ijyb
  1266 | D:3      | Noticed Robin
  1272 | D:3      | Reached XP level 4. HP: 40/40 MP: 3/3
  1278 | D:3      | Reached ** piety under Trog
  1290 | D:3      | Killed Robin
  1554 | D:3      | Noticed yrara's ghost (weakling GrFi)
  1558 | D:3      | Killed yrara's ghost
  1558 | D:3      | Reached skill level 5 in Axes
  1633 | D:3      | Reached XP level 5. HP: 44/47 MP: 4/4
  1699 | D:3      | Noticed Natasha
  1718 | D:3      | Killed Natasha
  2310 | D:4      | Found a glowing drain.
  2317 | D:4      | Reached *** piety under Trog
  2321 | Sewer    | Entered a sewer
  2439 | Sewer    | Reached XP level 6. HP: 45/55 MP: 5/5
  2632 | Sewer    | Reached skill level 5 in Fighting
  2633 | Sewer    | Reached **** piety under Trog
  2890 | D:4      | Reached XP level 7. HP: 56/61 MP: 6/6
  3220 | D:4      | Found a staircase to the Ecumenical Temple.
  3352 | D:4      | Found a runed door.
  3428 | D:4      | Noticed Crazy Yiuf
  3431 | D:4      | Killed Crazy Yiuf
  3501 | Temple   | Entered the Ecumenical Temple
  3756 | D:5      | Entered Level 5 of the Dungeon
  3761 | D:5      | Noticed a hungry ghost
  3773 | D:4      | HP: 2/61 [something (3)]
  3964 | D:4      | Killed a hungry ghost
  4262 | D:4      | Reached skill level 5 in Dodging
  4523 | D:5      | Reached skill level 5 in Armour
  4863 | D:5      | Reached XP level 8. HP: 22/70 MP: 7/7
  5252 | D:5      | Found a snail-covered altar of Cheibriados.
  5283 | D:5      | Found a shadowy altar of Dithmenos.
  5429 | D:5      | Reached ***** piety under Trog
  5801 | D:6      | Reached skill level 1 in Shields
  6158 | D:6      | Found a deep blue altar of Sif Muna.
  6400 | D:6      | Reached XP level 9. HP: 77/78 MP: 8/8
  6406 | D:6      | Found a bloodstained altar of Trog.
  6439 | D:6      | Reached skill level 2 in Shields
  6596 | D:6      | Noticed Natasha
  6606 | D:6      | Killed Natasha
  6606 | D:6      | Reached skill level 10 in Axes
  6643 | D:6      | Noticed Natasha
  6652 | D:6      | Killed Natasha
  6812 | D:7      | Reached skill level 3 in Shields
  6885 | D:7      | Noticed a hill giant
  6913 | D:7      | Killed a hill giant
  7198 | D:7      | Found a sacrificial altar of Ru.
  7257 | D:7      | Reached skill level 4 in Shields
  7550 | D:7      | Upgraded the game from 0.20-a0-268-gb6bde61 to 0.20-a0-269-g17f5411
  7583 | D:7      | Found an iron altar of Okawaru.
  7768 | D:7      | Reached XP level 10. HP: 86/88 MP: 9/9
  8492 | D:8      | Received a gift from Trog
  8515 | D:8      | Reached skill level 5 in Shields
  8574 | D:8      | Found a flagged portal.
  8598 | Bailey   | Entered a bailey
  9214 | D:8      | Found a glowing golden altar of the Shining One.
  9322 | D:8      | Found Roqauro's Jewellery Emporium.
  9385 | D:8      | Found a glowing silver altar of Zin.
  9624 | D:8      | Found a sparkling altar of Nemelex Xobeh.
  9957 | D:9      | Found a blossoming altar of Fedhas.
  9995 | D:9      | Found a deep blue altar of Sif Muna.
  9996 | D:9      | Found a white marble altar of Elyvilon.
 10051 | D:9      | Noticed Erolcha
 10092 | D:9      | Killed Erolcha
 10309 | D:9      | Received a gift from Trog
 10485 | D:9      | Reached skill level 6 in Shields
 10776 | D:8      | Bought an uncursed amulet of guardian spirit for 330 gold pieces
 10813 | D:10     | Entered Level 10 of the Dungeon
 10813 | D:10     | Noticed Erica
 10827 | D:10     | Killed Erica
 10827 | D:10     | Reached XP level 11. HP: 97/97 MP: 5/10
 11110 | D:10     | Noticed a hill giant
 11112 | D:10     | Noticed a hill giant
 11146 | D:10     | Killed a hill giant
 11149 | D:10     | Killed a hill giant
 11468 | D:10     | Reached skill level 7 in Shields
 12000 | D:11     | Noticed a cyan ugly thing
 12012 | D:11     | Killed a cyan ugly thing
 12729 | D:11     | Found a staircase to the Lair.
 12731 | D:11     | Noticed Urug
 13430 | D:11     | Noticed a hill giant
 13440 | D:11     | Killed a hill giant
 13440 | D:11     | Reached skill level 10 in Fighting
 13463 | D:11     | Received a gift from Trog
 13517 | D:11     | Killed Urug
 13917 | D:11     | Reached skill level 8 in Shields
 13972 | D:11     | Found a staircase to the Orcish Mines.
 14016 | D:11     | Reached XP level 12. HP: 106/107 MP: 11/11
 14117 | D:11     | Reached skill level 10 in Armour
 14549 | D:11     | Reached skill level 9 in Shields
 14598 | Lair:1   | Entered Level 1 of the Lair of Beasts
 14628 | Lair:1   | Found a labyrinth entrance.
 14654 | Lab      | Entered a labyrinth
 14932 | Lab      | Received a gift from Trog
 15403 | Lab      | Noticed a minotaur
 15412 | Lab      | Killed a minotaur
 15568 | Lair:1   | Reached skill level 10 in Dodging
 15702 | Lair:1   | Reached skill level 10 in Shields
 16265 | Lair:1   | Received a gift from Trog
 16500 | Lair:1   | Noticed an eight-headed hydra
 16509 | Lair:1   | Killed an 11-headed hydra
 16716 | Lair:1   | Reached skill level 11 in Shields
 16868 | Lair:2   | Found an opulent altar of Gozag.
 17198 | Lair:2   | Found a staircase to the Shoals.
 17230 | Lair:2   | Reached XP level 13. HP: 108/117 MP: 12/12
 17336 | Lair:2   | Found a staircase to the Snake Pit.
 17971 | Snake:1  | Entered Level 1 of the Snake Pit
 18169 | Snake:1  | Noticed Nikola
 18185 | Snake:1  | Killed Nikola
 18185 | Snake:1  | Reached skill level 12 in Shields
 19614 | Lair:4   | Noticed Rupert
 19692 | Lair:4   | Killed Rupert
 19699 | Lair:4   | Reached skill level 13 in Shields
 20522 | Lair:4   | Identified a scroll of acquirement
 20686 | Lair:4   | Noticed Nergalle
 20705 | Lair:4   | Killed Nergalle
 20977 | Lair:4   | Received a gift from Trog
 21058 | Lair:4   | Reached XP level 14. HP: 126/127 MP: 11/13
 21498 | Lair:5   | Reached skill level 14 in Shields
 21791 | Lair:5   | Reached ****** piety under Trog
 22320 | Lair:6   | Entered Level 6 of the Lair of Beasts
 22445 | Lair:6   | Reached skill level 15 in Axes
 22451 | Lair:6   | Received a gift from Trog
 23952 | Lair:6   | Reached skill level 15 in Shields
 24058 | Lair:6   | Received a gift from Trog
 24086 | Lair:6   | Reached XP level 15. HP: 115/136 MP: 14/14
 25159 | D:12     | Noticed Gastronok
 25171 | D:12     | Killed Gastronok
 25352 | D:12     | Noticed Harold
 25354 | D:12     | Noticed Kirke
 25371 | D:12     | Killed Kirke
 25373 | D:12     | Killed Harold
 25669 | D:12     | Received a gift from Trog
 25856 | D:12     | Noticed Psyche
 25866 | D:12     | Killed Psyche
 26326 | D:13     | Noticed Frances
 26362 | D:13     | Noticed Snorg
 26380 | D:12     | Killed Snorg
 26647 | D:13     | Killed Frances
 27460 | D:13     | Received a gift from Trog
 27563 | D:13     | Reached skill level 16 in Shields
 28031 | D:14     | Found a shimmering altar of Xom.
 28033 | D:14     | Found a shimmering altar of Xom.
 28033 | D:14     | Found a shimmering altar of Xom.
 28034 | D:14     | Found a shimmering altar of Xom.
 28384 | D:14     | Found a gate to the Vaults.
 29120 | D:14     | Found a blossoming altar of Fedhas.
 29195 | D:15     | Entered Level 15 of the Dungeon
 29221 | D:15     | Received a gift from Trog
 29534 | D:15     | Noticed Sonja
 29546 | D:15     | Killed Sonja
 29565 | D:15     | Reached XP level 16. HP: 133/147 MP: 12/15
 29665 | D:15     | Found a staircase to the Depths.
 30232 | D:15     | Found Qeruboy's Weapon Shoppe.
 30338 | D:15     | Reached skill level 17 in Shields
 30636 | Depths:1 | Entered Level 1 of the Depths
 30636 | Depths:1 | Noticed a sphinx
 30643 | Depths:1 | Paralysed by a sphinx for 2 turns
 30644 | Depths:1 | Received a gift from Trog
 30651 | Depths:1 | Killed a sphinx
 30665 | Depths:1 | HP: 1/220 [ice dragon/blast of cold (51)]
 30665 | Depths:1 | Hit by a large rock thrown by a stone giant

Vault maps used:
D:1:      dpeg_arrival_court, minivault_11
D:2:      evilmike_ruin_ashenzari, uniq_iyjb
D:3:      first_bread, uniq_natasha, uniq_robin
D:4:      portal_sewer_entry_e, uniq_crazy_yiuf_cottage
D:5:      old_standard_altar, grunt_dithmenos_smoke_and_mirrors,
          nicolae_overflow_hidden_temple
D:6:      lemuel_doored_altar, led_sif_book
D:7:      lemuel_crystal_altar, the_bakery, nicolae_ru_sacrificial_ziggurat
D:8:      kennysheep_mini_moat, lemuel_round_altar, tso_oasis_becter,
          serial_shops, nicolae_shop_statue_plus, enter_bailey_7
D:9:      chequers_temple_overflow_statue_of_worship, overflow_temple_1_default,
          uniq_erolcha
D:10:     kennysheep_windowed_halls, st_stairs_5, uniq_erica
D:11:     erik_lair_island, david_orc_4, uniq_urug
D:12:     uniq_harold, uniq_kirke, uniq_gastronok, uniq_psyche
D:13:     uniq_frances, uniq_snorg
D:14:     grunt_vaults_entry_tiered, xom_redecorated, fedhas_altar_1
D:15:     grunt_enter_depths_magical_seal, nicolae_wwwww, serial_glass,
          glass_columns_b, glass_columns_c, serial_shops,
          nicolae_shop_waterfront, uniq_sonja
Temple:   dpeg_chambers_temple
Lair:1:   lab_entry_generic, worms_lemuel, grunt_megastairs_1
Lair:2:   elwin_shoals_entry_rocks, minmay_snake_entry_guardpost_medium,
          basic_altar
Lair:3:   infiniplex_staircase_pool_2
Lair:4:   roderic_carrion_pond, serial_bayou_shore_b, grunt_megastairs_3,
          uniq_rupert, uniq_nergalle
Lair:5:   st_stairs_10, grunt_megastairs_5, serial_bayou_shore_a,
          lemuel_fruit_fields
Lair:6:   gammafunk_lair_ancient_temple, minmay_slime_entry_oklob_enclosed,
          bobbens_dragon_lair_wall
Snake:1:  uniq_nikola
Depths:1: hangedman_box_tower, hangedman_abyss_or_decor_lesser_grid,
          abyss_entry, pf_dread_powers_of_hell, eino_tiny_chamber,
          lightli_giant_bouncers
Lab:      labyrinth_hidden_loot, nicolae_lab_very_dead_end
Sewer:    sewer_minmay_w
Bailey:   bailey_axe_1, bailey

Skill      XL: |  1  2  3  4  5  6  7  8  9 10 11 12 13 14 15 16 |
---------------+-------------------------------------------------+-----
Axes           | 4 5 6 8 9 11 12 14 15 16 | 16.5
Fighting       | 4 5 6 8 9 10 11 12 13 14 | 14.9
Armour         | 3 4 5 6 7 8 9 11 12 13 14 | 14.5
Dodging        | 3 4 5 6 7 8 9 10 11 12 13 | 13.6
Shields        | 1 4 6 8 11 13 15 16 17 | 17.3

Action                   |  1- 3 |  4- 6 |  7- 9 | 10-12 | 13-15 | 16-18 || total
-------------------------+-------+-------+-------+-------+-------+-------++-------
Melee: Hand axe          |    66 |   154 |   356 |  1034 |   311 |       ||  1921
       Headbutt          |     8 |    15 |    76 |   274 |   366 |    62 ||   801
       Broad axe         |       |       |       |       |   460 |       ||   460
       War axe           |       |       |       |       |   642 |   177 ||   819
Invok: Berserk           |     1 |     1 |     5 |     9 |    15 |     1 ||    32
       Burn Spellbooks   |       |     1 |     1 |     4 |     1 |       ||     7
       Brothers in Arms  |       |       |       |     2 |     2 |     1 ||     5
       Trog's Hand       |       |       |       |       |     1 |       ||     1
  Use: Scroll            |       |     5 |     4 |    17 |    16 |     1 ||    43
       Potion            |       |     1 |     2 |     1 |     2 |       ||     6
  Eat: Chunk             |     2 |     6 |     8 |    16 |    16 |     3 ||    51
       Bread ration      |       |       |     4 |     4 |     3 |       ||    11
       Fruit             |       |       |       |     8 |    11 |       ||    19
       Beef jerky        |       |       |       |     1 |     2 |       ||     3
       Royal jelly       |       |       |       |     1 |       |       ||     1
       Meat ration       |       |       |       |       |     3 |       ||     3
       Pizza             |       |       |       |       |     1 |       ||     1
Armor: Scale mail        |    27 |    56 |    21 |       |       |       ||   104
       Plate armour      |       |       |   117 |   144 |       |       ||   261
       Crystal plate arm |       |       |       |   241 |   541 |    63 ||   845
Dodge: Dodged            |    25 |   108 |    85 |   201 |   325 |    36 ||   780
Block: Shield            |       |       |    83 |   413 |   820 |    99 ||  1415
       Reflection        |       |       |       |       |    32 |     8 ||    40
